 Dungeon Crawl Stone Soup version 0.30.1-3-gfc49f6343a (webtiles) character file.

Game seed: 3484606175098899655

10 Zeor the Slasher (level 2, 26/26 HPs)
             Began as an Armataur Berserker on Aug 4, 2023.
             Was a Follower of Trog.
             Got out of the dungeon alive.
             The game lasted 00:00:58 (215 turns).

Zeor the Slasher (Armataur Berserker)                Turns: 215, Time: 00:00:58

Health: 26/26      AC:  4    Str: 22    XL:     2   Next: 10%
Magic:  2/2        EV:  9    Int:  7    God:    Trog [*.....]
Gold:   14         SH:  0    Dex:  9    Spells: 1/1 levels left

rFire   . . .        (no weapon)
rCold   . . .        (no shield)
rNeg    . . .        b - +0 animal skin
rPois   .            (no helmet)
rElec   .            (no cloak)
rCorr   .            (no gloves)
SInv    .            (no barding)
Will    .....        (no amulet)
Stlth   +            (no ring)
HPRegen 0.24/turn    (no ring)
MPRegen 0.08/turn

%: roll
@: no status effects
A: large, rugged brown scales 3, deformed body, armoured tail, roll, long
tongue, awkward tongue
a: Renounce Religion, Berserk


You escaped.
You worshipped Trog.
Trog was aware of your devotion.
You visited 1 branch of the dungeon, and saw 1 of its levels.

You collected 14 gold pieces.

Inventory:

Armour
 b - a +0 animal skin (worn)


   Skills:
 + Level 2.9 Fighting
 + Level 2.9 Long Blades
 + Level 2.5 Armour
 + Level 1.5 Dodging


You had one spell level left.
You didn't know any spells.
Your spell library was empty.

Dungeon Overview and Level Annotations

Branches:
Dungeon (1/15)

Altars:


Innate Abilities, Weirdness & Mutations

You are completely covered in rugged brown scales. (AC +3, +7% HP)
Armour fits poorly on your strangely shaped body.
You have a long armoured tail.
You roll when moving toward enemies. (Rampage)
Your long tongue fully drains potion bottles. (2x potion effects)
Your tongue gives you trouble enunciating. (1.5x scroll delay)


Message History

The kobold hits you but does no damage.
You hit the kobold but do no damage.
You tail-slap the kobold, but do no damage.
The kobold is severely wounded.
The kobold barely misses you. x2
You hit the kobold.
You kill the kobold!
Trog accepts your kill.
You closely miss the kobold. The kobold closely misses you.
You closely miss the kobold. The kobold hits you but does no damage.
You barely miss the kobold.
Your tail-slap misses the kobold.
The kobold hits you with a +0 club.
You hit the kobold.
The kobold is moderately wounded.
The kobold hits you but does no damage.
You closely miss the kobold.
The kobold is moderately wounded.
The kobold closely misses you. The kobold hits you with a +0 club.
You hit the kobold.
The kobold is severely wounded.
The kobold completely misses you.
You hit the kobold.
You kill the kobold!
Trog accepts your kill.
Things that are here:
a +0 club; a +0 club
Found a dagger.
Found a stone staircase leading down.
A quokka comes into view.
You are now empty-handed.
You drop a +0 falchion.
A quokka is nearby!
(D) Dungeon
Where to? (Enter - D:1 @ (x,y), ? - help)
A quokka is nearby!
A ball python comes into view.
The ball python hisses angrily.
There is a staircase leading out of the dungeon here.
Press: ? - help, v - describe, . - travel A gravestone.
Are you sure you want to leave the Dungeon?
This will make you lose the game!
You have escaped!

∙∙∙∙∙∙∙∙∙∙▒∙▒▒▒▒∙∙∙∙∙▒
∙∙∙∙∙∙∙∙∙∙∙∙∙∙∙∙∙∙▒▒∙▒
∙∙∙∙∙∙∙∙∙∙∙∙▒▒∙▒∙∙∙∙∙▒
▒∙∙∙∙∙∙∙∙∙∙∙∙∙▒∙∙∙∙)∙
▒∙∙∙∙∙♣∙∙∙▒▒▒▒▒∙▒▒▒∙∙
▒∙∙∙∙8∙r∙∙▒ ▒∙∙ ∙!>
▒∙∙∙∙∙∙∙∙∙▒ ▒▒▒∙∙▒∙∙
▒∙∙∙S∙∙∙∙∙▒ ∙∙▒∙▒▒∙∙
▒∙▒∙∙∙H∙∙∙∙∙▒∙∙∙∙∙∙∙∙∙∙
▒∙∙∙∙∙∙∙∙∙∙∙▒∙∙∙∙∙∙∙∙∙[


∙∙∙∙∙∙∙∙∙∙∙∙∙■∙∙∙∙∙∙∙∙∙∙ ∙∙∙∙∙▒▒▒∙▒▒▒▒▒∙∙∙∙∙∙∙∙∙∙ ∙∙∙∙∙ ▒∙)▒▒▒∙∙∙∙∙∙∙▒▒∙∙ ▒∙∙∙
▒▒∙∙∙▒∙∙∙∙∙∙∙▒▒∙∙ ▒∙∙ ▒▒▒∙▒∙∙∙∙∙∙∙▒▒∙∙ ▒∙∙ ▒∙▒∙∙†∙∙∙∙'[∙∙ ▒∙'∙∙∙∙∙∙∙▒▒▒∙ You
could see a quokka and a ball python.

Vanquished Creatures
  An endoplasm (D:1)
  A goblin (D:1)
  2 hobgoblins (D:1)
  A bat (D:1)
  2 kobolds (D:1)
  3 rats (D:1)
10 creatures vanquished.

Notes
Turn   | Place    | Note
-------+----------+-------------------------------------------
     0 | D:1      | Zeor the Armataur Berserker began the quest for the Orb.
     0 | D:1      | Reached XP level 1. HP: 19/19 MP: 1/1
   124 | D:1      | Reached XP level 2. HP: 18/26 MP: 2/2
   215 | D:$      | Got out of the dungeon alive.

Illustrated notes

Levels and vault maps discovered:
D:1:      wander_arrival_peaceful_grave, layout_basic, kennysheep_pointless_box

Action                     || total
---------------------------++-------
  Melee: Falchion          ||    34
         Tailslap          ||     1
 Armour: Animal skin       ||    10
  Dodge: Dodged            ||    15
